 Dungeon Crawl Stone Soup version 0.20-a0-1078-g4874019 (webtiles) character file.

251616 kuniqs the Warrior (level 18, -9/153 HPs)
             Began as a Demonspawn Fighter on Apr 30, 2017.
             Was the Champion of Trog.
             Mangled by a vault warden
             ... wielding a +0 long sword
              (20 damage)
             ... on level 1 of the Vaults on May 1, 2017.
             The game lasted 01:18:15 (33335 turns).

kuniqs the Warrior (Demonspawn Fighter)            Turns: 33335, Time: 01:18:16

Health: -9/153     AC: 15    Str: 24      XL:     18   Next: 94%
Magic:  0/18       EV: 28    Int:  9      God:    Trog [******]
Gold:   2871       SH: 18    Dex: 17 (19) Spells: 17/17 levels left

rFire    + . .     SeeInvis .   L - +8 rapier of Corporal Punishment {flame, +Fly rPois Stlth+}
rCold    . . .     Gourm    .   c - +0 shield
rNeg     . . .     Faith    .   g - +0 troll leather armour {Purgy}
rPois    +         Spirit   +   V - +2 hat {MR+}
rElec    .         Reflect  +   P - scarf {Spirit}
rCorr    .         Harm     .   r - +0 pair of gloves
MR       ++...     Clarity  +   u - +0 pair of boots
Stlth    ++........             B - +3 amulet of reflection
Regen    0.8/turn               m - ring of protection from fire
MPRegen  0.2/turn               D - +5 ring of evasion

@: mighty
A: antennae 2, yellow scales 2, clarity, deterioration 1, powered by pain 3,
spiny 1
}: 2/15 runes: decaying, serpentine
a: Berserk, Trog's Hand, Brothers in Arms, Burn Spellbooks, Renounce Religion,
Evoke Flight


You were on level 1 of the Vaults.
You worshipped Trog.
Trog was exalted by your worship.
You were not hungry.

You visited 7 branches of the dungeon, and saw 33 of its levels.
You visited the Abyss 1 time.
You also visited: Ossuary and Ice Cave.

You collected 3046 gold pieces.
You spent 175 gold pieces at shops.

Inventory:

Hand Weapons
 o - a +8 quick blade
 z - the +10 dagger of the New World {drain, Dex+4}
   (You found it on level 7 of the Dungeon)

   A truly terrible weapon, it drains the life of those it strikes.
   It affects your dexterity (+4).
 L - the +8 rapier of Corporal Punishment (weapon) {flame, +Fly rPois Stlth+}
   (You found it on level 11 of the Dungeon)

   It has been specially enchanted to burn those struck by it, causing extra
   injury to most foes and up to half again as much damage against particularly
   susceptible opponents.
   It protects you from poison.
   It lets you fly.
   It makes you more stealthy.
 S - the +7 short sword of Embarrassment {pierce, rF+}
   (You found it on level 6 of the Lair of Beasts)

   It inflicts extra damage upon your enemies.
   It protects you from fire.
Missiles
 K - 2 throwing nets (quivered)
Armour
 c - a +0 shield (worn)
 g - a +0 troll leather armour (worn) {Purgy}
 r - a +0 pair of gloves (worn)
 u - a +0 pair of boots (worn)
 P - a scarf of spirit shield (worn)
 Q - the +1 ring mail "Pecintit" {*Drain +Fly rC++}
   (You found it on level 12 of the Dungeon)

   It greatly protects you from cold.
   It lets you fly.
   It causes draining when unequipped.
 U - a +0 plate armour of fire resistance
 V - a +2 hat of magic resistance (worn)
Jewellery
 m - a ring of protection from fire (left hand)
 B - a +3 amulet of reflection (around neck)
 D - a +5 ring of evasion (right hand)
 F - an uncursed ring of poison resistance
Wands
 a - a wand of digging (11/24)
 w - a wand of confusion (45/48)
Scrolls
 h - 3 scrolls of enchant armour
 j - 3 scrolls of recharging
 k - 2 scrolls of blinking
 t - 4 scrolls of vulnerability
 v - 12 scrolls of teleportation
 y - 6 scrolls of magic mapping
 E - 4 scrolls of fog
 H - 7 scrolls of remove curse {@r2}
 J - 6 scrolls of enchant weapon
 O - 5 scrolls of fear
 T - 16 scrolls of identify {@r1}
 Y - a scroll of holy word
 Z - a scroll of silence
Potions
 b - 3 potions of invisibility
 i - 3 potions of haste
 l - 3 potions of ambrosia
 q - 4 potions of flight
 s - 5 potions of agility
 x - 2 potions of cancellation
 A - 5 potions of heal wounds
 C - 10 potions of curing {@q1}
 G - 5 potions of might
 I - a potion of resistance
 R - 5 potions of mutation
Comestibles
 d - 17 bread rations
 e - 22 meat rations
 f - 23 fruits
 n - 5 royal jellies
 p - 4 chunks of flesh


   Skills:
 + Level 16.5 Fighting
 - Level 8.4 Short Blades
   Level 6.6 Polearms
 + Level 15.2 Armour
 + Level 15.1 Dodging
 + Level 15.1 Shields


You had 17 spell levels left.
You didn't know any spells.

Dungeon Overview and Level Annotations

Branches:
Dungeon (15/15)            Temple (1/1) D:6            Lair (6/6) D:9
  Swamp (4/4) Lair:3        Snake (4/4) Lair:4        Slime (0/5) Lair:6
    Orc (2/2) D:10            Elf (0/3) Orc:2        Vaults (1/5) D:14
 Depths: D:15

Altars:
Ashenzari
Cheibriados
Dithmenos
Elyvilon
Hepliaklqana
Makhleb
Nemelex Xobeh
Ru
Trog
Uskayaw
Wu Jian
Xom
Yredelemnul
Zin
The Shining One
Beogh
Jiyva

Shops:
D:11 [   D:14 (   Orc:2 [([}   Snake:2 (:**   Snake:3 }=}

Annotations:
Snake:2 exclusion: Roxanne, Roxanne


Innate Abilities, Weirdness & Mutations

You have a pair of antennae on your head.
You are mostly covered in yellow scales. (AC +3)
You are powered by pain.
You are partially covered in sharp spines.
You possess an exceptional clarity of mind.
Your body sometimes deteriorates upon taking damage.


Message History

The vault warden hits you with a long sword.
* * * LOW HITPOINT WARNING * * *
You puncture the vault warden! You burn the vault warden.
A vault warden opens the door.
You puncture the vault warden! You burn the vault warden.
You hit the vault warden. You burn the vault warden.
The vault warden completely misses you.
The ironheart preserver mumbles some strange words.
The ironheart preserver begins to accept its allies' injuries.
You hear a shout!
You barely miss the vault warden. You barely miss the vault warden.
The vault warden hits you with a long sword!
* * * LOW HITPOINT WARNING * * *
An ironbrand convoker comes into view. It is wielding a great mace.
The vault warden blocks your attack.
The ironheart preserver closely misses you.
You barely miss the vault warden.
The vault warden hits you with a long sword!!
You die...

##))## ##.## #...#.......#
#..# #.[.#.......# #.##
#...#.......# #(#
#..(#.......# #)##
#...#.......# { #..## #...#
..... # #...#
#...#####p###p.#
##'#####.....†).@p....#
#......'...###+######## ###
'.(....'...#.(....#####....
#..##..#...#......#).(....#
#..##..#...#......†).......
#......#...#....>.#).......
#......#...#......#......#.
#####'##...#......#....(...
#......#...#.....)#.......#


You could see an ironheart preserver, a vault warden and an ironbrand convoker.

Vanquished Creatures
  Vashnia (Snake:2)
  the Lernaean hydra (Swamp:4)
  A bone dragon (Abyss:3)
  Nikola (Snake:4)
  Jorgrun (Snake:4)
  Kirke (Snake:3)
  9 nagarajas
  An orc warlord (Orc:2)
  An ironheart preserver (Vaults:1)
  Josephine (D:12)
  17 naga warriors
  2 catoblepae
  26 hydras
  A ghost crab (Swamp:2)
  8 anacondas
  8 centaur warriors
  15 two-headed ogres
  A deep troll shaman (Lair:6)
  2 tengu warriors (D:14)
  An orc high priest (Orc:2)
  7 alligators
  4 ogre magi
  Urug (Lair:4)
  3 thrashing horrors (Abyss:3)
  9 death yaks
  21 naga sharpshooters
  4 shock serpents
  3 wretched stars (Abyss:3)
  3 salamander mystics
  5 skeletal warriors
  5 sea snakes
  2 unseen horrors (D:10)
  8 naga ritualists
  2 glowing orange brains
  A wizard (D:14)
  2 spriggan druids
  2 deep elf archers (Vaults:1)
  A shambling mangrove (Swamp:3)
  2 ironbrand convokers (Vaults:1)
  A lindwurm (Lair:6)
  The ghost of Dirtsage the Basher, a novice GrFi of Ru (D:7)
  14 swamp dragons
  10 mana vipers
  A necromancer (Abyss:3)
  2 orc knights
  A wolf spider (Lair:4)
  A cyclops (D:14)
  3 deep elf magi (Vaults:1)
  14 ugly things
  An oklob plant (Lair:2)
  10 salamanders
  5 elephants (Lair:6)
  3 guardian serpents
  3 ice statues (IceCv)
  23 naga magi
  Joseph (D:8)
  An apocalypse crab (Abyss:3)
  2 gargoyles
  31 black mambas
  2 vault sentinels (Vaults:1)
  15 spiny frogs
  2 rime drakes
  A centaur skeleton (D:10)
  7 yaktaurs
  A kobold demonologist (D:13)
  10 komodo dragons
  10 ice devils (IceCv)
  An anaconda simulacrum (IceCv)
  A freezing wraith (D:14)
  An ancient zyme (Abyss:3)
  9 hornets
  3 polar bears (Lair:6)
  6 tyrant leeches
  11 trolls
  4 bog bodies
  Grinder (D:5)
  29 slime creatures
  18 blink frogs
  6 dream sheep (Lair:6)
  A meliai zombie (D:12)
  15 hippogriffs
  Sigmund (D:3)
  2 shadows
  2 small abominations (Abyss:3)
  2 dire elephant simulacra (IceCv)
  A centaur simulacrum (D:12)
  4 spriggans (Swamp:2)
  2 vampires
  38 yaks
  A wyvern (D:9)
  A hog (D:8)
  3 wraiths (D:12)
  A human (D:8)
  4 fire bats (Lair:6)
  A steam dragon (D:7)
  A neqoxec (Abyss:3)
  4 hungry ghosts
  4 basilisks
  A large abomination (Abyss:3)
  13 vampire mosquitoes
  5 wargs
  9 insubstantial wisps
  Edmund (D:5)
  60 nagas
  A soldier ant (D:10)
  21 swamp worms
  4 iron troll simulacra (IceCv)
  A harpy simulacrum (IceCv)
  2 acid dragons
  2 hydra simulacra (IceCv)
  11 water moccasins
  9 porcupines
  4 ice beasts
  2 sky beasts
  3 eyes of draining
  34 orc warriors
  Purgy (D:3)
  3 black bears
  3 necrophages
  10 swamp drakes
  23 ogres
  A phantom (D:6)
  The ghost of George the Slasher, an amateur DgFi (D:3)
  12 centaurs
  15 wolves
  10 crocodiles
  A wyvern zombie (D:14)
  15 bullfrogs
  A gnoll sergeant (D:7)
  2 scorpions
  10 killer bees
  5 wights (D:11)
  2 howler monkeys
  An electric eel (Snake:3)
  3 lava snakes
  3 crimson imps
  4 centaur zombies
  4 bullfrog zombies
  5 hounds
  4 jellies
  28 orc priests
  30 orc wizards
  10 worker ants
  2 bullfrog skeletons
  5 iguanas
  4 hell rats (D:9)
  7 big kobold zombies (Ossuary)
  3 hound skeletons
  A mummy (Ossuary)
  13 gnolls
  20 adders
  A river rat (D:9)
  5 shadow imps
  An ufetubus (Abyss:3)
  3 oozes
  4 adder skeletons
  A worm (D:6)
  2 dart slugs
  7 leopard geckos
  114 orcs
  3 spectral bats (Ossuary)
  6 bats
  7 giant cockroaches
  4 gnoll zombies (Ossuary)
  9 goblins
  10 hobgoblins
  11 jackals
  5 kobolds
  6 quokkas
  4 ball pythons
  2 bat simulacra (Ossuary)
  10 frilled lizards
  4 goblin simulacra (Ossuary)
  5 goblin zombies (Ossuary)
  2 hobgoblin zombies (Ossuary)
  A jackal skeleton (D:4)
  5 kobold simulacra (Ossuary)
  6 kobold zombies (Ossuary)
  5 orc zombies (Ossuary)
  8 rats
  3 rat simulacra (Ossuary)
  3 spectral goblins (Ossuary)
  2 spectral kobolds (Ossuary)
  A spectral rat (Ossuary)
  2 fire vortices (Lair:4)
  A plant (Lair:2)
1246 creatures vanquished.

Vanquished Creatures (collateral kills)
  An Ice Fiend (IceCv)
  A tentacled starspawn (Abyss:3)
  The ghost of Lochraine the Unseen, an adept SpEn of Nemelex Xobeh (Snake:1)
  A very ugly thing (Abyss:3)
  A rakshasa (Abyss:3)
  A naga warrior (Snake:3)
  A shock serpent (Snake:3)
  A wretched star (Abyss:3)
  2 skeletal warriors (D:14)
  2 ugly things (Abyss:3)
  A naga mage (Snake:3)
  2 ice devils (IceCv)
  4 starspawn tentacles (Abyss:3)
19 creatures vanquished.

Vanquished Creatures (others)
  A nagaraja (Snake:4)
  A naga ritualist (Snake:4)
  5 humans (Snake:3)
  A naga (Snake:1)
  A centaur (D:11)
  An orc wizard (D:7)
  2 orcs
  A gnoll zombie (Ossuary)
  6 fungi
  10 plants
  9 starspawn tentacles (Abyss:3)
38 creatures vanquished.

Grand Total: 1303 creatures vanquished

Notes
Turn   | Place    | Note
-------+----------+-------------------------------------------
     0 | D:1      | kuniqs the Demonspawn Fighter began the quest for the Orb.
     0 | D:1      | Reached XP level 1. HP: 18/18 MP: 1/1
   289 | D:1      | Gained mutation: You are partially covered in yellow scales. (AC +2) [demonic ancestry]
   289 | D:1      | Reached XP level 2. HP: 17/24 MP: 2/2
  1107 | D:2      | Found a shattered altar of Ashenzari.
  1117 | D:2      | Reached XP level 3. HP: 24/29 MP: 3/3
  1390 | D:2      | Reached skill level 1 in Dodging
  1397 | D:2      | Found a shimmering altar of Xom.
  1503 | D:2      | Found a sacrificial altar of Ru.
  1721 | D:2      | Found an ornate altar of the Wu Jian Council.
  1802 | D:2      | Gained mutation: You sometimes gain a little power by taking damage. [demonic ancestry]
  1802 | D:2      | Reached XP level 4. HP: 35/35 MP: 4/4
  2266 | D:3      | Noticed Sigmund
  2409 | D:3      | Killed Sigmund
  2409 | D:3      | Reached XP level 5. HP: 21/42 MP: 5/5
  2545 | D:3      | Reached skill level 4 in Fighting
  2692 | D:3      | Noticed a centaur
  2698 | D:3      | Killed a centaur
  2698 | D:3      | Gained mutation: You are partially covered in sharp spines. [demonic ancestry]
  2698 | D:3      | Reached XP level 6. HP: 40/48 MP: 6/6
  2701 | D:3      | Noticed George's ghost (amateur DgFi)
  2776 | D:3      | Killed George's ghost
  2878 | D:3      | Noticed Purgy
  2892 | D:3      | Killed Purgy
  2892 | D:3      | Reached XP level 7. HP: 28/55 MP: 7/7
  3258 | D:3      | Found a glowing silver altar of Zin.
  3668 | D:4      | Found a sand-covered staircase.
  3675 | Ossuary  | Entered an ossuary
  4355 | D:5      | Entered Level 5 of the Dungeon
  4379 | D:5      | Noticed Edmund
  4414 | D:5      | Killed Edmund
  4414 | D:5      | Reached skill level 5 in Fighting
  4414 | D:5      | Gained mutation: You sometimes gain power by taking damage. [demonic ancestry]
  4414 | D:5      | Reached XP level 8. HP: 46/62 MP: 8/8
  4437 | D:5      | Reached skill level 5 in Armour
  4504 | D:5      | Reached skill level 5 in Shields
  4722 | D:5      | Found a snail-covered altar of Cheibriados.
  4723 | D:5      | Found a basalt altar of Yredelemnul.
  4723 | D:5      | Noticed Grinder
  4742 | D:5      | Killed Grinder
  4855 | D:5      | Gained mutation: You possess an exceptional clarity of mind. [mutagenic meat]
  5119 | D:5      | Reached XP level 9. HP: 69/69 MP: 9/9
  5129 | D:5      | Reached skill level 6 in Fighting
  5135 | D:5      | Reached skill level 5 in Polearms
  5442 | D:6      | Found a staircase to the Ecumenical Temple.
  5447 | Temple   | Entered the Ecumenical Temple
  5498 | Temple   | Became a worshipper of Trog the Wrathful
  5683 | D:6      | Reached skill level 5 in Dodging
  5968 | D:7      | Noticed a brown ugly thing
  5984 | D:7      | Killed a brown ugly thing
  6115 | D:7      | Noticed Dirtsage's ghost (novice GrFi)
  6176 | D:7      | Killed Dirtsage's ghost
  6176 | D:7      | Reached skill level 7 in Fighting
  6285 | D:7      | Reached * piety under Trog
  6328 | D:7      | Gained mutation: You have a pair of small antennae on your head. [demonic ancestry]
  6328 | D:7      | Reached XP level 10. HP: 46/79 MP: 10/10
  6416 | D:7      | Found a white marble altar of Elyvilon.
  6421 | D:7      | Got a bloodstained dagger
  6422 | D:7      | Identified the +10 dagger of the New World {drain, Dex+4} (You found it on level 7 of the Dungeon)
  6641 | D:7      | Found a shadowy altar of Dithmenos.
  6641 | D:7      | Noticed a two-headed ogre
  6650 | D:7      | Killed a two-headed ogre
  6943 | D:8      | Noticed Joseph
  6950 | D:8      | Killed Joseph
  6978 | D:8      | Reached ** piety under Trog
  7553 | D:8      | Reached skill level 1 in Short Blades
  7559 | D:8      | Reached skill level 8 in Fighting
  7669 | D:9      | Noticed a two-headed ogre
  7678 | D:9      | Killed a two-headed ogre
  7781 | D:9      | Noticed a death yak
  7783 | D:9      | Found a staircase to the Lair.
  7783 | D:9      | Noticed a death yak
  7784 | D:9      | Noticed a death yak
  7855 | D:9      | Killed a death yak
  7855 | D:9      | Gained mutation: You have a pair of antennae on your head. [demonic ancestry]
  7855 | D:9      | Reached XP level 11. HP: 76/87 MP: 11/11
  7859 | D:9      | Killed a death yak
  7875 | D:9      | Killed a death yak
  8376 | D:9      | Noticed a two-headed ogre
  8384 | D:9      | Killed a two-headed ogre
  8683 | D:10     | Entered Level 10 of the Dungeon
  8709 | D:10     | Noticed a white ugly thing
  8727 | D:10     | Killed a white ugly thing
  8892 | D:10     | Reached *** piety under Trog
  8915 | D:10     | Killed an unseen horror
  8977 | D:10     | Reached skill level 9 in Fighting
  9014 | D:10     | Found a staircase to the Orcish Mines.
  9111 | D:10     | Noticed a two-headed ogre
  9118 | D:10     | Killed a two-headed ogre
  9440 | D:10     | Killed an unseen horror
  9593 | D:11     | Noticed a centaur warrior
  9609 | D:11     | Reached **** piety under Trog
  9616 | D:11     | Killed a centaur warrior
  9616 | D:11     | Gained mutation: You are mostly covered in yellow scales. (AC +3) [demonic ancestry]
  9616 | D:11     | Reached XP level 12. HP: 95/95 MP: 12/12
  9689 | D:11     | Noticed a four-headed hydra
  9698 | D:11     | Killed a four-headed hydra
  9763 | D:11     | Got a crude rapier
  9764 | D:11     | Identified the +8 rapier of Corporal Punishment {flame, +Fly rPois Stlth+} (You found it on level 11 of the Dungeon)
  9777 | D:11     | Noticed a two-headed ogre
  9790 | D:11     | Killed a two-headed ogre
  9869 | D:11     | Found Yvam's Armour Shoppe.
 10106 | D:11     | Reached skill level 5 in Short Blades
 10428 | D:12     | Noticed a five-headed hydra
 10440 | D:12     | Killed a five-headed hydra
 10473 | D:12     | Noticed a four-headed hydra
 10482 | D:12     | Killed a four-headed hydra
 10482 | D:12     | Reached skill level 10 in Fighting
 10559 | D:12     | Noticed a centaur warrior
 10568 | D:12     | Killed a centaur warrior
 10590 | D:12     | Noticed a two-headed ogre
 10600 | D:12     | Killed a two-headed ogre
 10603 | D:12     | Identified the cursed +1 ring mail "Pecintit" {*Drain +Fly rC++} (You found it on level 12 of the Dungeon)
 10621 | D:12     | Reached ***** piety under Trog
 10833 | D:12     | Noticed a centaur warrior
 10847 | D:12     | Killed a centaur warrior
 10911 | D:12     | Noticed an ogre mage
 10922 | D:12     | Killed an ogre mage
 11062 | D:12     | Noticed Josephine
 11076 | D:12     | Killed Josephine
 11076 | D:12     | Reached XP level 13. HP: 104/104 MP: 13/13
 11434 | D:14     | Reached skill level 10 in Armour
 12029 | D:13     | Reached skill level 10 in Shields
 12035 | D:13     | Received a gift from Trog
 12290 | D:14     | Found Zaewa's Antique Weapon Boutique.
 12293 | D:14     | Found a sparkling altar of Nemelex Xobeh.
 12317 | D:14     | Bought a sapphire dagger for 175 gold pieces
 12317 | D:14     | Identified the cursed +1 dagger of Zaasta {distort, rElec rPois Str+2} (You bought it in a shop on level 14 of the Dungeon)
 12323 | D:14     | Cast into level 3 of the Abyss (a distortion unwield)
 12336 | Abyss:3  | Noticed a tentacled starspawn
 12355 | Abyss:3  | Noticed a cyan very ugly thing
 12378 | Abyss:3  | Killed a tentacled starspawn
 12380 | Abyss:3  | Killed a cyan very ugly thing
 12383 | Abyss:3  | Reached skill level 11 in Fighting
 12384 | Abyss:3  | Noticed a bone dragon
 12395 | Abyss:3  | Gained mutation: Your body sometimes deteriorates upon taking damage. [a neqoxec]
 12403 | Abyss:3  | Reached skill level 10 in Dodging
 12416 | Abyss:3  | Killed a bone dragon
 12442 | Abyss:3  | Noticed a tentacled starspawn
 12560 | Abyss:3  | Noticed a starcursed mass
 12560 | Abyss:3  | Noticed a tentacled starspawn
 12703 | Abyss:3  | Noticed a starcursed mass
 12781 | Abyss:3  | Noticed a starcursed mass
 12782 | Abyss:3  | Noticed a starcursed mass
 12795 | Abyss:3  | Noticed a brown very ugly thing
 12830 | D:14     | Escaped the Abyss
 12888 | D:14     | Gained mutation: You are powered by pain. [demonic ancestry]
 12888 | D:14     | Reached XP level 14. HP: 47/101 MP: 14/14
 13135 | D:14     | Found a gate to the Vaults.
 13317 | D:15     | Entered Level 15 of the Dungeon
 13923 | Lair:1   | Entered Level 1 of the Lair of Beasts
 15649 | Lair:2   | Reached skill level 12 in Fighting
 15782 | Lair:3   | Found a staircase to the Swamp.
 16834 | Lair:4   | Noticed Urug
 16851 | Lair:4   | Killed Urug
 17074 | Lair:4   | Found a staircase to the Snake Pit.
 17354 | Lair:5   | Received a gift from Trog
 17470 | Lair:5   | Reached XP level 15. HP: 122/122 MP: 15/15
 17764 | Lair:5   | You fall through a shaft!
 17764 | Lair:6   | Entered Level 6 of the Lair of Beasts
 18377 | Lair:6   | Found a viscous altar of Jiyva.
 18377 | Lair:6   | Found a staircase to the Slime Pits.
 18455 | Lair:6   | Reached ****** piety under Trog
 18755 | Lair:6   | Reached skill level 13 in Fighting
 18897 | Lair:6   | Received a gift from Trog
 19004 | Lair:6   | Identified the +7 short sword of Embarrassment {pierce, rF+} (You found it on level 6 of the Lair of Beasts)
 19229 | Orc:1    | Entered Level 1 of the Orcish Mines
 19370 | Orc:2    | Entered Level 2 of the Orcish Mines
 19373 | Orc:2    | Found a roughly hewn altar of Beogh.
 19542 | Orc:1    | Received a gift from Trog
 19791 | Orc:2    | Noticed an orc warlord
 19863 | Orc:2    | Killed an orc warlord
 20035 | Orc:2    | Found Xegh's Antique Armour Shoppe.
 20036 | Orc:2    | Found a roughly hewn altar of Beogh.
 20039 | Orc:2    | Found Keach's Antique Weapon Emporium.
 20188 | Orc:2    | Found a roughly hewn altar of Beogh.
 20188 | Orc:2    | Found Tynkuhea's Gadget Shoppe.
 20394 | Orc:2    | Found a roughly hewn altar of Beogh.
 20571 | Orc:2    | Found a staircase to the Elven Halls.
 20662 | Orc:2    | Found a roughly hewn altar of Beogh.
 20719 | Orc:2    | Found a roughly hewn altar of Beogh.
 20720 | Orc:2    | Found Lahoar's Antique Armour Boutique.
 21195 | Swamp:1  | Entered Level 1 of the Swamp
 21323 | Swamp:1  | Received a gift from Trog
 22390 | Swamp:2  | Reached XP level 16. HP: 130/131 MP: 14/16
 23103 | Swamp:3  | Found a frozen archway.
 23124 | IceCv    | Entered an ice cave
 23547 | IceCv    | Received a gift from Trog
 24231 | IceCv    | Noticed an Ice Fiend
 24242 | IceCv    | Killed an Ice Fiend
 24497 | Swamp:3  | Reached skill level 14 in Fighting
 24589 | Swamp:3  | Found a hazy altar of Hepliaklqana.
 25086 | Swamp:4  | Entered Level 4 of the Swamp
 25465 | Swamp:4  | Received a gift from Trog
 25829 | Swamp:4  | Noticed the 27-headed Lernaean hydra
 25839 | Swamp:4  | Killed the 27-headed Lernaean hydra
 25993 | Swamp:4  | Got a decaying rune of Zot
 26345 | Snake:1  | Entered Level 1 of the Snake Pit
 26403 | Snake:1  | Identified the cursed +0 cloak of Hovayt {Int+2} (You found it on level 1 of the Snake Pit)
 26628 | Snake:1  | Noticed Lochraine's ghost (adept SpEn)
 26654 | Snake:1  | Killed Lochraine's ghost
 26770 | Snake:1  | Reached XP level 17. HP: 124/140 MP: 15/17
 27203 | Snake:2  | Found Ygingul's General Store.
 27212 | Snake:2  | Noticed Roxanne
 27261 | Snake:2  | Found Odiunwit's General Store.
 27444 | Snake:2  | Found Xethah's Book Emporium.
 27591 | Snake:2  | Found Giutuanu's Assorted Antiques.
 27730 | Snake:2  | Noticed Vashnia
 27834 | Snake:2  | Reached skill level 15 in Fighting
 27852 | Snake:2  | Killed Vashnia
 28135 | Snake:2  | Found Vykicel's Antique Weapon Shoppe.
 28801 | Snake:3  | Received a gift from Trog
 29039 | Snake:3  | Found Ahop's Gadget Boutique.
 29040 | Snake:3  | Found Toum's Jewellery Emporium.
 29041 | Snake:3  | Found Ynekas's Gadget Boutique.
 29075 | Snake:3  | Noticed Kirke
 29091 | Snake:3  | Killed Kirke
 30053 | Snake:4  | Entered Level 4 of the Snake Pit
 30262 | Snake:4  | Noticed Nikola
 30526 | Snake:4  | Killed Nikola
 30602 | Snake:4  | Reached XP level 18. HP: 142/151 MP: 15/18
 30793 | Snake:4  | Received a gift from Trog
 31121 | Snake:4  | Reached skill level 16 in Fighting
 31529 | Snake:4  | Got a serpentine rune of Zot
 31719 | Snake:4  | Received a gift from Trog
 31732 | Snake:4  | Got a crystal rapier {speed}
 31733 | Snake:4  | Identified the cursed +3 rapier "Faicismasm" {speed, +Blink rC+ Int+3} (You took it off a naga warrior on level 4 of the Snake Pit)
 31767 | Snake:4  | Noticed Jorgrun
 31842 | Snake:4  | Killed Jorgrun
 31897 | Snake:4  | Reached skill level 15 in Armour
 32695 | Vaults:1 | Entered Level 1 of the Vaults
 32855 | Vaults:1 | Reached skill level 15 in Shields
 33061 | Vaults:1 | Received a gift from Trog
 33061 | Vaults:1 | Reached skill level 15 in Dodging
 33335 | Vaults:1 | Mangled by a vault warden

Vault maps used:
D:1:      saegor_arrival_simple_f, minmay_liquid_box, minmay_misc_feat_pillars,
          roderic_hopi_sauvastika
D:2:      overflow_temple_1_default, lemuel_coloured_pillars_altar,
          evilmike_ruin_ashenzari, xom_teletrap_fun
D:3:      zin_academy, serial_bayou, serial_bayou_crossing, uniq_purgy,
          uniq_sigmund
D:4:      chequers_ossuary_entry_cave
D:5:      cheibrodos_barr_body, gammafunk_temple_overflow_pools, first_bread,
          uniq_grinder, uniq_edmund
D:6:      minmay_temple_entry_grid
D:7:      elyvilon_altar_1, nicolae_dithmenos_through_a_glass_darkly
D:8:      grunt_livestock, uniq_joseph
D:9:      dpeg_lair_monsters
D:10:     erik_orc_4, minivault_11
D:11:     serial_shops, nicolae_shop_waterfront
D:12:     minmay_tri_box, kennysheep_crisscross, kennysheep_generic_room_10,
          uniq_josephine
D:14:     david_vaults_1, serial_shops, shop, nemelex_xobeh_ov_fountains_minmay
D:15:     grunt_enter_depths_snipers, hangedman_decor_opposing, minivault_16,
          minmay_misc_feat_x, minmay_misc_feat_more_columns, minivault_13
Temple:   dpeg_chambers_temple
Lair:1:   infiniplex_staircase_pool_2
Lair:2:   beast_lair_carwin_9, minmay_lair_oklob_chamber, grunt_megastairs_5,
          lemuel_fruit_tree
Lair:3:   swamp_mist_pool
Lair:4:   minmay_lair_venomous_thicket, minmay_snake_entry_guardpost_medium,
          uniq_urug
Lair:5:   small_statue_intersection
Lair:6:   grunt_lair_end_beastmaster, dpeg_slime_entry_enclosed_altar,
          wad_woods_road_04
Swamp:1:  hangedman_swamp_ruin_wall, infiniplex_staircase_pool
Swamp:2:  evilmike_swamp_ruin_rubble_1, swamp_pool2
Swamp:3:  portal_ice_cave_entry_pillars_three, nicolae_swamp_godswood
Swamp:4:  swamp_old_school
Snake:1:  serial_bayou_shore_a
Snake:2:  serial_shops, nicolae_shop_crystal, shop, shop, nicolae_shop_crystal,
          shop_fountains, uniq_vashnia, uniq_roxanne
Snake:3:  spider_trap, st_stairs_9, guppyfry_snake_island, minmay_shop_grove,
          uniq_kirke
Snake:4:  snake_pit, uniq_nikola, uniq_jorgrun
Orc:2:    grunt_orc_community_town_hall, grunt_orc_community_big_house_1,
          grunt_orc_community_big_house_1, grunt_orc_community_house_3,
          grunt_orc_community_house_3, grunt_orc_community_house_2,
          grunt_orc_community_house_1, grunt_orc_community_house_3,
          grunt_orc_community_house_2
Vaults:1: v_alt_pattern_2, nicolae_vaults_mini_display_case,
          hangedman_vaults_river_flow, hangedman_vaults_corner_blocks,
          grunt_vaults_diagonal, ontoclasm_vaults_idyll,
          nicolae_vaults_specimen_jars, v_alt_pattern_3,
          vaults_mumra_bighexcomb, ontoclasm_vaults_twist, v_misc_12,
          uniq_asterion
Abyss:3:  nicolae_abyss_rune_star_stuff
Ossuary:  ossuary_zaba_two_paths
IceCv:    ice_cave_tombish

Skill      XL: |  1  2  3  4  5  6  7  8  9 10 11 12 13 14 15 16 17 18 |
---------------+-------------------------------------------------------+-----
Polearms       | 2 3 4 6 |  6.6
Armour         | 3 4 5 6 7 8 9 10 11 12 13 14 15 | 15.2
Dodging        | 1 2 3 4 5 6 8 9 10 11 12 13 14 15 | 15.1
Shields        | 3 4 5 6 7 8 9 10 11 12 13 14 15 | 15.1
Fighting       | 4 5 7 8 9 10 11 12 13 14 15 16 | 16.5
Short Blades   | 2 4 6 7 8 |  8.4

Action                   |  1- 3 |  4- 6 |  7- 9 | 10-12 | 13-15 | 16-18 || total
-------------------------+-------+-------+-------+-------+-------+-------++-------
Melee: Trident           |    73 |   107 |   650 |     8 |       |       ||   838
       Short sword       |   141 |       |       |       |       |       ||   141
       Unarmed           |       |       |     8 |       |       |     6 ||    14
       Dagger            |       |       |       |   699 |  2383 |  2810 ||  5892
       Rapier            |       |       |       |       |       |   394 ||   394
Throw: Javelin           |     4 |       |     2 |       |       |       ||     6
Invok: Berserk           |       |       |       |     7 |    13 |     7 ||    27
       Burn Spellbooks   |       |       |       |     4 |     3 |     2 ||     9
       Trog's Hand       |       |       |       |     1 |       |     1 ||     2
       Brothers in Arms  |       |       |       |       |     3 |     4 ||     7
Evoke: Wand              |       |       |       |       |     5 |    13 ||    18
  Use: Scroll            |     5 |       |    16 |     5 |    14 |     6 ||    46
       Potion            |     2 |     2 |     6 |       |     3 |     2 ||    15
 Stab: Sleeping          |       |       |     4 |     4 |     4 |     3 ||    15
       Distracted        |       |       |     1 |     2 |       |     5 ||     8
       Petrified         |       |       |       |       |     7 |       ||     7
       Confused          |       |       |       |       |     1 |       ||     1
  Eat: Chunk             |     3 |     4 |    11 |    23 |    47 |    25 ||   113
       Royal jelly       |       |       |     1 |     1 |     3 |     9 ||    14
       Meat ration       |       |       |       |       |       |     1 ||     1
Armor: Scale mail        |    89 |    43 |       |       |       |       ||   132
       Troll leather arm |       |       |   105 |    61 |   166 |   151 ||   483
       Skin              |       |       |     7 |       |       |       ||     7
       Ring mail         |       |       |       |       |       |    23 ||    23
Dodge: Dodged            |    70 |    31 |   163 |   277 |  1050 |  1201 ||  2792
Block: Shield            |     7 |       |   266 |   414 |  1430 |  1516 ||  3633
       Buckler           |    41 |    36 |       |       |       |       ||    77
       Reflection        |       |     5 |     5 |    23 |    18 |   151 ||   202
